 Dungeon Crawl Stone Soup version 0.23.0 (webtiles) character file.

Game seed: 952318110721699411

49 tidbits the Charmwright (level 3, 31/31 HPs)
             Began as a Gnoll Skald on Feb 11, 2019.
             Quit the game on level 2 of the Dungeon.
             The game lasted 00:03:13 (369 turns).

tidbits the Charmwright (Gnoll Skald)                Turns: 369, Time: 00:03:14

Health: 31/31      AC:  3    Str: 13    XL:     3   Next: 77%
Magic:  4/9        EV: 14    Int: 16    God:
Gold:   54         SH:  0    Dex: 14    Spells: 1/12 levels left

rFire    . . .     SeeInvis .   a - +0 spear
rCold    . . .     Gourm    .   (no shield)
rNeg     . . .     Faith    .   b - +0 leather armour
rPois    .         Spirit   .   (no helmet)
rElec    .         Reflect  .   (no cloak)
rCorr    .         Harm     .   (no gloves)
MR       +....                  (no boots)
Stlth    +.........             (no amulet)
HPRegen  0.10/turn              i - ring of protection from magic
MPRegen  0.11/turn              (no ring)

@: no status effects
A: distributed training, fangs 1, strong nose
a: no special abilities


You were on level 2 of the Dungeon.
You were full.

You visited 1 branch of the dungeon, and saw 2 of its levels.

You collected 54 gold pieces.

Inventory:

Hand Weapons
 a - a +0 spear (weapon)
Missiles
 c - 16 bolts
 f - 25 sling bullets
 j - a stone (quivered)
 l - 19 arrows
Armour
 b - a +0 leather armour (worn)
Jewellery
 i - a ring of protection from magic (left hand)
   (You found it on level 2 of the Dungeon)
Scrolls
 h - a scroll of teleportation {unknown}
 k - a scroll of enchant weapon {unknown}
Potions
 e - a potion of heal wounds {unknown}
 g - 2 potions of curing {unknown}
Comestibles
 d - 2 rations


   Skills:
 + Level 4.5 Fighting
 + Level 0.9 Short Blades
 + Level 0.9 Long Blades
 + Level 0.9 Axes
 + Level 0.9 Maces & Flails
 + Level 4.5 Polearms
 + Level 0.9 Staves
 + Level 0.9 Slings
 + Level 0.9 Bows
 + Level 0.9 Crossbows
 + Level 0.9 Throwing
 + Level 2.6 Armour
 + Level 4.5 Dodging
 + Level 0.9 Stealth
 + Level 0.9 Shields
 + Level 0.9 Unarmed Combat
 + Level 5.0 Spellcasting
 + Level 0.6 Conjurations
 + Level 0.6 Hexes
 + Level 5.4 Charms
 + Level 0.6 Summonings
 + Level 0.6 Necromancy
 + Level 0.6 Translocations
 + Level 0.6 Transmutations
 + Level 0.6 Fire Magic
 + Level 0.6 Ice Magic
 + Level 0.6 Air Magic
 + Level 0.6 Earth Magic
 + Level 0.6 Poison Magic
 + Level 1.0 Invocations
 + Level 0.9 Evocations


You had one spell level left.
You knew the following spells:

 Your Spells              Type           Power        Failure   Level  Hunger
g - Shroud of Golubria    Chrm/Tloc      ##........   9%          2    #......
i - Infusion              Chrm           ###.         1%          1    None
r - Regeneration          Chrm/Necr      ##........   17%         3    ###....
w - Spectral Weapon       Hex/Chrm       ##......     17%         3    ###....
y - Song of Slaying       Chrm           ###.....     3%          2    #......

Your spell library contained the following spells:

 Spells                   Type           Power        Failure   Level  Hunger


Dungeon Overview and Level Annotations

Branches:
Dungeon (2/15)

Altars:
Kikubaaqudgha
Nemelex Xobeh


Innate Abilities, Weirdness & Mutations

Your experience applies equally to all skills.
You have very sharp teeth.
Your uncanny sense of smell can sniff out nearby items.


Message History

Unknown command.
A bat comes into view.
Found a ration.
As you open the door, it creaks loudly!
You hear a shout!
Unknown command.
You hit the bat.
You kill the bat!
There is an open door here.
Unknown command.
A kobold comes into view. It is wielding a +0 dagger.
The kobold shouts!
The kobold throws a stone.
The stone hits you but does no damage.
You see here a stone.
Unknown command.
A bat comes into view.
You see here 8 gold pieces.
You now have 54 gold pieces (gained 8).
Attack whom?
Press: ? - help, Dir - move target cursor, f - kobold
Aim: a kobold, wielding a +0 dagger You reach to attack!
You completely miss the kobold.
Your spectral weapon hits the kobold from afar.
You closely miss the kobold.
The kobold is moderately wounded.
Your spectral weapon hits the kobold.
The kobold misses you.
You closely miss the kobold.
The kobold is heavily wounded.
Your spectral weapon fades away.
The bat misses you. The kobold hits you with a +0 dagger.
A hobgoblin comes into view. It is wielding a +0 club.
The hobgoblin shouts!
You hit the kobold.
You kill the kobold!
The bat barely misses you.
Attack whom?
Press: ? - help, Dir - move target cursor, f - bat
Aim: a bat You reach to attack!
You closely miss the bat. The bat barely misses you.
Attack whom?
Press: ? - help, Dir - move target cursor, f/p - bat
Aim: a bat You reach to attack!
You hit the bat.
You kill the bat!
You see here a ration.
d - 2 rations (gained 1) Unknown command.
You open the gate.
Unknown command.
Unknown command.
There is an open gate here.
Found a sparkling altar of Nemelex Xobeh.
You open the gate.
A frilled lizard comes into view.
Casting: Spectral Weapon (safe; 17% risk of failure)
Confirm with . or Enter, or press ? or * to list all spells.
You draw out your weapon's spirit!
The frilled lizard hisses angrily.
Unknown command.
You hit the hobgoblin.
The hobgoblin is severely wounded.
Your spectral weapon hits the hobgoblin from afar.
You kill the hobgoblin!
The frilled lizard bites you but does no damage.
You barely miss the frilled lizard.
Your spectral weapon hits the frilled lizard.
You kill the frilled lizard!
There is an open gate here.
Unknown command.
Unknown command.
Found a stone staircase leading up.
There is a stone staircase leading up here.
You climb upwards.
Your summoned ally is left behind.
Your spectral weapon fades away.
A rat comes into view.
Found 21 gold pieces and a hunting sling.
There is a stone staircase leading down here.
You open the door.
Found a ration.
There is an open door here.
You see here a ration.
You eat the ration.
That ration really hit the spot!
Casting: Spectral Weapon (safe; 17% risk of failure)
Confirm with . or Enter, or press ? or * to list all spells.
You draw out your weapon's spirit!
Unknown command.
Attack whom?
Press: ? - help, Dir - move target cursor, f - rat
Aim: a rat You reach to attack!
You hit the rat.
You kill the rat!
There is an open door here.
You see here a rat corpse.
There is a stone staircase leading down here.
You climb downwards.
Your summoned ally is left behind.
Your spectral weapon fades away.
There is a stone staircase leading up here.
Unknown command.
HP restored.
Unknown command.
Are you sure you want to abandon this character and quit the game? (Confirm with "yes".)

###...########
###'''#######
#...# #.### #.#
#.#########
#..........
###.############
#.#<........@#
#............#
#.#.##########
#####


There were no monsters in sight!

Vanquished Creatures
  3 adders (D:2)
  A ball python (D:2)
  5 bats (D:2)
  A goblin (D:2)
  2 hobgoblins (D:2)
  2 quokkas (D:2)
  3 frilled lizards (D:2)
  5 kobolds
  3 rats
25 creatures vanquished.

Notes
Turn   | Place    | Note
-------+----------+-------------------------------------------
     0 | D:1      | tidbits the Gnoll Skald began the quest for the Orb.
     0 | D:1      | Reached XP level 1. HP: 20/20 MP: 6/6
    93 | D:2      | Reached XP level 2. HP: 22/26 MP: 2/7
    97 | D:2      | Learned a level 2 spell: Song of Slaying
   100 | D:2      | Learned a level 2 spell: Shroud of Golubria
   237 | D:2      | Reached skill level 5 in Spellcasting
   237 | D:2      | Reached XP level 3. HP: 27/31 MP: 0/9
   246 | D:2      | Learned a level 3 spell: Regeneration
   253 | D:2      | Learned a level 3 spell: Spectral Weapon
   257 | D:2      | Found an ancient bone altar of Kikubaaqudgha.
   274 | D:2      | Reached skill level 1 in Invocations
   309 | D:2      | Found a sparkling altar of Nemelex Xobeh.
   369 | D:2      | Quit the game

Skill      XL: |  1  2  3 |
---------------+----------+-----
Spellcasting   | 5 |  5.0
Invocations    | 1 |  1.0
Fighting       | |  4.5
Short Blades   | |  0.9
Long Blades    | |  0.9
Axes           | |  0.9
Maces & Flails | |  0.9
Polearms       | |  4.5
Staves         | |  0.9
Slings         | |  0.9
Bows           | |  0.9
Crossbows      | |  0.9
Throwing       | |  0.9
Armour         | |  2.6
Dodging        | |  4.5
Stealth        | |  0.9
Shields        | |  0.9
Unarmed Combat | |  0.9
Conjurations   | |  0.6
Hexes          | |  0.6
Charms         | |  5.4
Summonings     | |  0.6
Necromancy     | |  0.6
Translocations | |  0.6
Transmutations | |  0.6
Fire Magic     | |  0.6
Ice Magic      | |  0.6
Air Magic      | |  0.6
Earth Magic    | |  0.6
Poison Magic   | |  0.6
Evocations     | |  0.9

Action                   || total
-------------------------++-------
Melee: Spear             ||    54
       Bite              ||     1
 Cast: Infusion          ||     5
       Spectral Weapon   ||     3
  Eat: Ration            ||     1
Armor: Leather armour    ||     8
Dodge: Dodged            ||    28

Table legend:
 A = Turns spent in this place as a percentage of turns spent in the entire game.
 B = Non-inter-level travel turns spent in this place as a percentage of non-inter-level travel turns spent in the entire game.
 C = Inter-level travel turns spent in this place as a percentage of turns spent in this place.
 D = Turns resting spent in this place as a percentage of non-inter-level travel turns spent in this place.
 E = Turns spent auto-exploring this place as a percentage of non-inter-level travel turns spent in this place.
 F = Non-inter-level travel turns spent in this place divided by the number of levels of this place that you've seen.
                   A       B       C       D       E      F
               +-------+-------+-------+-------+-------+----------------------
         Total | 100.0 | 100.0 |   3.3 |   0.0 |   0.0 | 178.5
       Dungeon | 100.0 | 100.0 |   3.3 |   0.0 |   0.0 | 178.5
               +-------+-------+-------+-------+-------+----------------------

Table legend:
 A = Kills in this place as a percentage of kills in entire the game.
 B = Kills by you in this place as a percentage of kills by you in the entire game.
 C = Kills by friends in this place as a percentage of kills by friends in the entire game.
 D = Other kills in this place as a percentage of other kills in the entire game.
 E = Experience gained in this place as a percentage of experience gained in the entire game.
 F = Experience gained in this place divided by the number of levels of this place that you have seen.
                   A       B       C       D       E      F
               +-------+-------+-------+-------+-------+----------------------
         Total | 100.0 | 100.0 |   N/A |   N/A | 100.0 |  35.5
       Dungeon | 100.0 | 100.0 |   N/A |   N/A | 100.0 |  35.5
               +-------+-------+-------+-------+-------+----------------------

Levels and vault maps discovered:
D:1:      lightli_arrival_isolated_outpost, layout_basic
D:2:      wad_river_or_something, layout_basic, nemelex_altar_shiori,
          kiku_gazebo_pond_becter, dk_noncrumbling_4, uniq_terence
